 Dungeon Crawl Stone Soup version 0.29.0-4-gdea44cf6ec (webtiles) character file.

Game seed: 17468786206150915004

7056 qw the Cleaver (level 11, -3/106 HPs)
             Began as a Gargoyle Berserker on Sept 7, 2022.
             Was an Elder of Trog.
             Slain by a sun demon (19 damage)
             ... summoned by an obsidian statue
             ... on level 9 of the Dungeon.
             The game lasted 00:03:59 (12544 turns).

qw the Cleaver (Gargoyle Berserker)                Turns: 12544, Time: 00:03:59

Health: -3/106     AC: 21    Str: 24    XL:     11   Next: 9%
Magic:  11/11      EV:  8    Int:  9    God:    Trog [****..]
Gold:   487        SH:  4    Dex:  9    Spells: 10/10 levels left

rFire   . . .      SeeInvis .   Y - +1 war axe
rCold   + . .      Faith    .   d - +0 buckler
rNeg    + . .      Spirit   .   m - +0 chain mail
rPois   inf        Reflect  .   g - +0 helmet
rElec   +          Harm     .   l - scarf {repulsion}
rCorr   .          Rampage  .   (no gloves)
Will    .....      Clarity  +   h - +0 pair of boots
Stlth   ..........              (no amulet)
HPRegen 0.27/turn               i - ring of protection from cold
MPRegen 0.12/turn               (no ring)

@: berserking, repel missiles, very quick
A: sickness immunity, AC +8, negative energy resistance 1, electricity
resistance, torment resistance 1, petrification resistance, clarity, mutation
resistance 1, wild magic 1
a: Renounce Religion, Berserk, Trog's Hand, Brothers in Arms


You were on level 9 of the Dungeon.
You worshipped Trog.
Trog was greatly pleased with you.
You visited 1 branch of the dungeon, and saw 9 of its levels.

You collected 532 gold pieces.
You spent 45 gold pieces at shops.


Innate Abilities, Weirdness & Mutations

You are immune to sickness and miasma.
Your stone body is resilient. (AC +8)
You are immune to poison.
You resist negative energy. (rN+)
You are resistant to electric shocks. (rElec)
You are resistant to unholy torment.
You are immune to petrification.
You possess an exceptional clarity of mind.
You are somewhat resistant to further mutation.
Your spells are a little harder to cast, but a little more powerful.


   Skills:
 - Level 9.0 Fighting
 + Level 11.6 Axes
 - Level 3.0 Throwing
 - Level 6.6 Armour
 - Level 2.1 Dodging
 - Level 5.1 Shields


You had 10 spell levels left.
You didn't know any spells.
Your spell library was empty.

Inventory:

Hand Weapons
 k - a +1 flail of holy wrath
 Y - a +1 war axe (weapon)
Missiles
 o - 3 javelins (quivered)
Armour
 d - a +0 buckler (worn)
 g - a +0 helmet (worn)
 h - a +0 pair of boots (worn)
 l - a scarf of repulsion (worn)
 m - a +0 chain mail (worn)
Jewellery
 i - a ring of protection from cold (left hand)
Scrolls
 a - 2 scrolls of identify
 j - 5 scrolls of teleportation
 p - a scroll of poison {unknown}
Potions
 b - 2 potions of cancellation
 c - a potion of might
 e - 2 potions of heal wounds
 f - a potion of mutation
 n - 2 potions of curing

Dungeon Overview and Level Annotations

Branches:
Dungeon (9/15)             Temple (0/1) D:5             Orc (0/2) D:9
   Lair: D:8-11

Altars:
Cheibriados
Ru
Sif Muna
Wu Jian
Xom

Shops:
D:4 **

Annotations:
D:3 1 runed translucent door, Crazy Yiuf


Message History

You closely miss the soul eater. You hit the shadow imp.
The soul eater hits you but does no damage.
You slash the shadow imp!
You kill the shadow imp!
The shadow imp disappears in a puff of smoke!
You slash the orc priest!
You kill the orc priest!
Trog accepts your kill.
You hit the soul eater but do no damage.
You slice the soul eater!!
The soul eater is heavily wounded.
The soul eater hits you but does no damage.
The obsidian statue's eyes glow briefly.
You barely miss the soul eater.
The soul eater is heavily wounded.
The ufetubus disappears in a puff of smoke!
You slice the soul eater!!
The soul eater is severely wounded.
The soul eater hits you!
The white imp sputters.
You hit the soul eater but do no damage.
The soul eater is severely wounded.
You barely miss the sun demon. You hit the white imp. The sun demon hits you!
You are engulfed in flames!
The soul eater hits you but does no damage.
You slice the soul eater!!
You kill the soul eater!
The soul eater disappears in a puff of smoke!
You slash the sun demon! You hit the white imp.
You kill the white imp!
The white imp disappears in a puff of smoke!
The obsidian statue's eyes glow briefly.
The sun demon completely misses you.
You closely miss the sun demon.
The sun demon is moderately wounded.
You hit the ynoxinul.
The chaos spawn degenerates into a cloud of primal chaos!
The obsidian statue's eyes glow briefly.
The sun demon hits you.
You are engulfed in flames!!
You die...

####'###......#####.#....#.#.#..#
).....##......#.....##.#.#......#
......'.......#.....#..#.###.##.#
......#.......#.....#.##........#
.''#####......'.....#.#####..##.#
.#.# ########.....#.#####..##.#
##.# #.?...#............ ##.#
##.....###########.# <#'#####
#()@....... #.# .......#
......33¤...### #.# .......#
............# #.# .......#
.......5....+ #.# ######.#
...5........# ... .#
......¤.....# #.# . ....8$......#
....5.......##


You could see an obsidian statue, a sun demon (summoned), a ynoxinul (summoned),
a quasit (summoned), a shadow imp (summoned) and an ufetubus (summoned,
expiring).

Vanquished Creatures
  A two-headed ogre (D:8)
  A gargoyle (D:9)
  9 yaks (D:8)
  3 steam dragons
  Menkaure (D:4)
  2 orc warriors (D:9)
  A sky beast (D:5)
  2 black bears
  3 ice beasts
  2 ogres
  2 centaurs (D:9)
  4 bullfrogs
  4 kobold brigands
  2 gnoll sergeants (D:6)
  2 scorpions
  3 necrophages
  14 wights
  5 killer bees (D:9)
  A howler monkey (D:8)
  2 hounds
  6 orc priests
  5 jellies
  Natasha (thrice) (D:3)
  3 iguanas
  17 orc wizards
  7 adders
  15 gnolls
  A river rat (D:6)
  An ufetubus (D:7)
  6 dart slugs
  33 orcs
  7 ball pythons
  5 bats
  10 endoplasms
  6 giant cockroaches
  4 goblins
  8 hobgoblins
  5 jackals
  20 kobolds
  3 quokkas
  2 frilled lizards
  11 rats
242 creatures vanquished.

Vanquished Creatures (collateral kills)
  An orc wizard (D:9)
1 creature vanquished.

Vanquished Creatures (others)
  An orc wizard (D:9)
  A plant (D:1)
2 creatures vanquished.

Grand Total: 245 creatures vanquished

Notes
Turn   | Place    | Note
-------+----------+-------------------------------------------
     0 | D:1      | qw the Gargoyle Berserker began the quest for the Orb.
     0 | D:1      | Reached XP level 1. HP: 14/14 MP: 1/1
     0 | D:1      | 0 ||| qw: Version: 0.1-a-108-g9e35731
     0 | D:1      | 0 ||| qw: Game counter: 6553
     0 | D:1      | 0 ||| qw: Always use a shield: true
     0 | D:1      | 0 ||| qw: Do Orc after D:15 true
     0 | D:1      | 0 ||| qw: Do second Lair branch before Depths: true
     0 | D:1      | 0 ||| qw: Lair rune preference: random
     0 | D:1      | 0 ||| qw: Plans: Normal
     0 | D:1      | 0 ||| PLANNING D:1-11
   304 | D:1      | 304 ||| Stepping ~*~*~tactically~*~*~ (stealth).
   307 | D:1      | Reached skill level 3 in Axes
   308 | D:1      | 308 ||| Stepping ~*~*~tactically~*~*~ (stealth).
   310 | D:1      | 310 ||| Stepping ~*~*~tactically~*~*~ (stealth).
   311 | D:1      | 311 ||| Stepping ~*~*~tactically~*~*~ (stealth).
   341 | D:1      | 341 ||| Stepping ~*~*~tactically~*~*~ (stealth).
   353 | D:1      | 353 ||| INVOKING Berserk.
   517 | D:1      | Found a faded altar of an unknown god.
   525 | D:1      | Reached XP level 2. HP: 18/19 MP: 2/2
   917 | D:1      | 917 ||| DROPPING +0 club.
  1076 | D:1      | Reached XP level 3. HP: 23/23 MP: 3/3
  1350 | D:1      | 1350 ||| READING scroll labelled OSKIN VEUF.
  1351 | D:1      | 1351 ||| DRINKING 3 viscous golden potions.
  1375 | D:2      | 1375 ||| STAIRDANCE
  1546 | D:2      | 1546 ||| Stepping ~*~*~tactically~*~*~ (hiding).
  1655 | D:2      | Reached skill level 4 in Axes
  1717 | D:2      | 1717 ||| INVOKING Berserk.
  1814 | D:2      | 1814 ||| INVOKING Berserk.
  1825 | D:2      | Reached XP level 4. HP: 13/28 MP: 4/4
  2054 | D:2      | Found a snail-covered altar of Cheibriados.
  2952 | D:2      | 2952 ||| UPGRADING to +0 ring mail.
  2962 | D:2      | 2962 ||| DROPPING +0 animal skin.
  2963 | D:2      | 2963 ||| DROPPING ring of flight.
  2964 | D:2      | 2964 ||| READING 4 scrolls labelled XODYJO PEUGRU.
  2965 | D:2      | 2965 ||| READING scroll labelled DURECW OLORER.
  2966 | D:2      | 2966 ||| READING scroll labelled BUPIOV EDGHUFEO.
  2967 | D:2      | 2967 ||| READING 2 scrolls labelled BIKOIZ VEIWYI.
  2972 | D:2      | 2972 ||| READING scroll labelled TOMMONUUSS.
  2973 | D:2      | 2973 ||| READING scroll labelled LITTOK QIYRE.
  2974 | D:2      | 2974 ||| READING 3 scrolls of identify.
  2974 | D:2      | 2974 ||| IDENTIFYING cyan potion
  2975 | D:2      | 2975 ||| READING 2 scrolls of identify.
  2975 | D:2      | 2975 ||| IDENTIFYING golden potion
  2976 | D:2      | 2976 ||| DROPPING potion of invisibility.
  3067 | D:3      | 3067 ||| Stepping ~*~*~tactically~*~*~ (stealth).
  3071 | D:3      | Reached ** piety under Trog
  3075 | D:3      | 3075 ||| Stepping ~*~*~tactically~*~*~ (stealth).
  3163 | D:3      | 3163 ||| Stepping ~*~*~tactically~*~*~ (stealth).
  3178 | D:3      | 3178 ||| FLEEEEING.
  3186 | D:3      | 3186 ||| STAIRDANCE
  3229 | D:2      | 3229 ||| READING 2 scrolls labelled WECZOQ NAKO.
  3230 | D:2      | 3230 ||| READING 2 scrolls of identify.
  3230 | D:2      | 3230 ||| IDENTIFYING red potion
  3231 | D:2      | 3231 ||| DROPPING scroll of magic mapping.
  3232 | D:2      | 3232 ||| DROPPING potion of attraction.
  3259 | D:3      | 3259 ||| Stepping ~*~*~tactically~*~*~ (stealth).
  3281 | D:3      | Reached skill level 5 in Axes
  3434 | D:3      | Noticed Natasha
  3437 | D:3      | 3437 ||| INVOKING Berserk.
  3439 | D:3      | Killed Natasha
  3440 | D:3      | Reached XP level 5. HP: 33/33 MP: 5/5
  3633 | D:3      | Noticed Natasha
  3637 | D:3      | 3637 ||| INVOKING Berserk.
  3642 | D:3      | Killed Natasha
  3822 | D:3      | Noticed Natasha
  3823 | D:3      | 3823 ||| Stepping ~*~*~tactically~*~*~ (stealth).
  3824 | D:3      | 3824 ||| Stepping ~*~*~tactically~*~*~ (stealth).
  3827 | D:3      | 3827 ||| INVOKING Berserk.
  3835 | D:3      | Killed Natasha
  4000 | D:3      | Found an ornate altar of the Wu Jian Council.
  4260 | D:3      | Found a runed translucent door.
  4261 | D:3      | Noticed Crazy Yiuf
  4347 | D:3      | 4347 ||| DRINKING 3 fizzy purple potions.
  4348 | D:3      | 4348 ||| DRINKING 2 green potions.
  4349 | D:3      | 4349 ||| DROPPING 2 potions of flight.
  4376 | D:3      | 4376 ||| Stepping ~*~*~tactically~*~*~ (stealth).
  4377 | D:3      | 4377 ||| Stepping ~*~*~tactically~*~*~ (stealth).
  4540 | D:4      | 4540 ||| Stepping ~*~*~tactically~*~*~ (hiding).
  4549 | D:4      | 4549 ||| INVOKING Berserk.
  4552 | D:4      | Reached XP level 6. HP: 38/38 MP: 6/6
  4563 | D:4      | 4563 ||| Stepping ~*~*~tactically~*~*~ (stealth).
  4571 | D:4      | 4571 ||| DRINKING potion of curing.
  4571 | D:4      | 4571 ||| (to cure confusion)
  4572 | D:4      | 4572 ||| FLEEEEING.
  4575 | D:4      | 4575 ||| STAIRDANCE
  4725 | D:4      | 4725 ||| STAIRDANCE
  4803 | D:4      | 4803 ||| INVOKING Berserk.
  4806 | D:4      | Reached skill level 6 in Axes
  4991 | D:4      | Found Lugaod's Specific Store.
  4994 | D:4      | Found Kyfan's General Store.
  5002 | D:4      | 5002 ||| BUYING +0 pair of boots (45 gold).
  5002 | D:4      | Bought a +0 pair of boots for 45 gold pieces
  5002 | D:4      | 5002 ||| SHOPLISTING amulet of reflection (300 gold, have
                  | 172).
  5428 | D:4      | Reached *** piety under Trog
  5490 | D:4      | Reached XP level 7. HP: 43/43 MP: 7/7
  5560 | D:4      | 5560 ||| Stepping ~*~*~tactically~*~*~ (hiding).
  5570 | D:4      | 5570 ||| Stepping ~*~*~tactically~*~*~ (hiding).
  5582 | D:4      | Reached skill level 1 in Throwing
  5720 | D:4      | 5720 ||| DROPPING +0 whip.
  5825 | D:4      | 5825 ||| INVOKING Berserk.
  5830 | D:4      | Reached skill level 7 in Axes
  5946 | D:4      | Noticed Menkaure
  5947 | D:4      | 5947 ||| Stepping ~*~*~tactically~*~*~ (hiding).
  5950 | D:4      | 5950 ||| INVOKING Berserk.
  5956 | D:4      | Killed Menkaure
  6090 | D:4      | 6090 ||| UPGRADING to +0 pair of boots.
  6095 | D:4      | 6095 ||| UPGRADING to +0 scale mail.
  6105 | D:4      | 6105 ||| DROPPING +0 ring mail.
  6106 | D:4      | 6106 ||| READING scroll labelled JYTIOM OZAGAW.
  6107 | D:4      | 6107 ||| READING scroll labelled MEFITH QIJI.
  6108 | D:4      | 6108 ||| DRINKING 2 dark potions.
  6109 | D:4      | 6109 ||| READING 2 scrolls of identify.
  6109 | D:4      | 6109 ||| IDENTIFYING bubbling black potion
  6110 | D:4      | 6110 ||| DROPPING potion of degeneration.
  6151 | D:5      | Entered Level 5 of the Dungeon
  6173 | D:5      | 6173 ||| Stepping ~*~*~tactically~*~*~ (hiding).
  6244 | D:5      | HP: 10/44 [wight/+5 falchion (13)]
  6245 | D:5      | 6245 ||| READING 6 scrolls of teleportation.
  6246 | D:5      | 6246 ||| DRINKING 5 potions of heal wounds.
  6347 | D:5      | Found a staircase to the Ecumenical Temple.
  6479 | D:5      | 6479 ||| Stepping ~*~*~tactically~*~*~ (stealth).
  6500 | D:5      | 6500 ||| INVOKING Berserk.
  6503 | D:5      | Reached XP level 8. HP: 29/49 MP: 8/8
  6682 | D:5      | Found a shimmering blue altar of Sif Muna.
  6771 | D:5      | 6771 ||| INVOKING Berserk.
  6856 | D:5      | HP: 12/49 [wight/+5 falchion (15)]
  6857 | D:5      | 6857 ||| READING 5 scrolls of teleportation.
  6858 | D:5      | 6858 ||| DRINKING 4 potions of heal wounds.
  7061 | D:5      | 7061 ||| INVOKING Berserk.
  7062 | D:5      | HP: 14/73 [iguana (11)]
  7066 | D:5      | Reached skill level 8 in Axes
  7072 | D:5      | HP: 13/73 [something (3)]
  7428 | D:5      | 7428 ||| Stepping ~*~*~tactically~*~*~ (stealth).
  7470 | D:5      | 7470 ||| SWAPPING to +0 war axe.
  7473 | D:5      | 7473 ||| DROPPING +1 hand axe.
  7533 | D:5      | 7533 ||| READING scroll labelled BILLI DULOSH.
  7545 | D:6      | 7545 ||| PLANNING OSSUARY
  7556 | D:6      | 7556 ||| STAIRDANCE
  7559 | D:5      | Reached skill level 6 in Fighting
  7673 | D:6      | Reached skill level 3 in Armour
  7687 | D:6      | 7687 ||| Stepping ~*~*~tactically~*~*~ (stealth).
  7700 | D:6      | 7700 ||| Stepping ~*~*~tactically~*~*~ (hiding).
  7701 | D:6      | 7701 ||| Stepping ~*~*~tactically~*~*~ (stealth).
  7709 | D:6      | 7709 ||| Stepping ~*~*~tactically~*~*~ (stealth).
  7713 | D:6      | 7713 ||| INVOKING Berserk.
  7894 | D:6      | 7894 ||| DROPPING +0 flail.
  7926 | D:6      | Reached XP level 9. HP: 40/56 MP: 9/9
  8121 | D:6      | 8121 ||| READING scroll of enchant weapon.
  8121 | D:6      | 8121 ||| ENCHANTING +0 war axe.
  8152 | D:6      | Found a sand-covered staircase.
  8153 | D:6      | 8153 ||| UPGRADING to +0 helmet.
  8294 | D:6      | Reached **** piety under Trog
  8394 | D:6      | You fall into a shaft and drop 1 floor!
  8395 | D:7      | 8395 ||| RIP OSSUARY
  8395 | D:7      | 8395 ||| RIP SEWER
  8395 | D:7      | 8395 ||| PLANNING D:1-11
  8403 | D:7      | Reached skill level 9 in Axes
  8480 | D:7      | 8480 ||| UPGRADING to scarf of repulsion.
  8485 | D:7      | 8485 ||| DRINKING 2 bubbling purple potions.
  8485 | D:7      | Gained mutation: You possess an exceptional clarity of
                  | mind. [potion of mutation]
  8485 | D:7      | Gained mutation: Your spells are a little harder to cast,
                  | but a little more powerful. [potion of mutation]
  8485 | D:7      | Gained mutation: You are somewhat resistant to further
                  | mutation. [potion of mutation]
  8486 | D:7      | 8486 ||| READING 2 scrolls of identify.
  8486 | D:7      | 8486 ||| IDENTIFYING fuming black potion
  8487 | D:7      | 8487 ||| DROPPING potion of ambrosia.
  8635 | D:6      | 8635 ||| INVOKING Berserk.
  8712 | D:6      | 8712 ||| INVOKING Berserk.
  8756 | D:6      | 8756 ||| Stepping ~*~*~tactically~*~*~ (stealth).
  8884 | D:6      | Reached skill level 10 in Axes
  9088 | D:6      | 9088 ||| UPGRADING to +0 buckler.
  9115 | D:7      | 9115 ||| Stepping ~*~*~tactically~*~*~ (hiding).
  9136 | D:7      | Reached skill level 1 in Shields
  9208 | D:7      | 9208 ||| INVOKING Berserk.
  9400 | D:7      | 9400 ||| Stepping ~*~*~tactically~*~*~ (hiding).
  9401 | D:7      | 9401 ||| Stepping ~*~*~tactically~*~*~ (hiding).
  9411 | D:7      | Reached skill level 3 in Shields
  9594 | D:7      | 9594 ||| INVOKING Berserk.
  9728 | D:7      | 9728 ||| INVOKING Berserk.
 10376 | D:7      | 10376 ||| UPGRADING to +0 chain mail.
 10386 | D:7      | 10386 ||| DROPPING +0 scale mail.
 10405 | D:8      | 10405 ||| Stepping ~*~*~tactically~*~*~ (hiding).
 10413 | D:8      | Noticed a two-headed ogre
 10415 | D:8      | 10415 ||| INVOKING Berserk.
 10419 | D:8      | Killed a two-headed ogre
 10420 | D:8      | Reached skill level 6 in Armour
 10420 | D:8      | Reached XP level 10. HP: 46/63 MP: 10/10
 10432 | D:8      | HP: 15/63 [acid (10)]
 10433 | D:8      | 10433 ||| READING 6 scrolls of teleportation.
 10435 | D:8      | 10435 ||| DRINKING 3 potions of heal wounds.
 10562 | D:8      | Found a sacrificial altar of Ru.
 10646 | D:8      | Reached skill level 3 in Throwing
 10656 | D:8      | 10656 ||| INVOKING Berserk.
 10818 | D:8      | 10818 ||| Stepping ~*~*~tactically~*~*~ (stealth).
 10820 | D:8      | 10820 ||| Stepping ~*~*~tactically~*~*~ (stealth).
 10917 | D:8      | Reached ***** piety under Trog
 11092 | D:8      | 11092 ||| Stepping ~*~*~tactically~*~*~ (hiding).
 11096 | D:8      | 11096 ||| Stepping ~*~*~tactically~*~*~ (hiding).
 11136 | D:8      | Found a shimmering altar of Xom.
 11149 | D:8      | 11149 ||| Stepping ~*~*~tactically~*~*~ (cloud).
 11153 | D:8      | 11153 ||| INVOKING Berserk.
 11162 | D:8      | 11162 ||| Stepping ~*~*~tactically~*~*~ (cloud).
 11163 | D:8      | 11163 ||| Stepping ~*~*~tactically~*~*~ (cloud).
 11227 | D:8      | 11227 ||| Stepping ~*~*~tactically~*~*~ (stealth).
 11228 | D:8      | 11228 ||| Stepping ~*~*~tactically~*~*~ (stealth).
 11229 | D:8      | 11229 ||| Stepping ~*~*~tactically~*~*~ (hiding).
 11230 | D:8      | 11230 ||| Stepping ~*~*~tactically~*~*~ (hiding).
 11265 | D:8      | 11265 ||| Stepping ~*~*~tactically~*~*~ (stealth).
 11272 | D:8      | 11272 ||| Stepping ~*~*~tactically~*~*~ (stealth).
 11276 | D:8      | Reached skill level 11 in Axes
 11276 | D:8      | 11276 ||| Stepping ~*~*~tactically~*~*~ (stealth).
 11277 | D:8      | 11277 ||| Stepping ~*~*~tactically~*~*~ (stealth).
 11592 | D:8      | 11592 ||| UPGRADING to ring of protection from cold.
 11636 | D:9      | Noticed a gargoyle
 11661 | D:9      | Killed a gargoyle
 11722 | D:9      | 11722 ||| Stepping ~*~*~tactically~*~*~ (stealth).
 11765 | D:9      | Reached skill level 9 in Fighting
 11887 | D:9      | 11887 ||| Stepping ~*~*~tactically~*~*~ (hiding).
 11993 | D:9      | Found a staircase to the Orcish Mines.
 12017 | D:9      | 12017 ||| Stepping ~*~*~tactically~*~*~ (hiding).
 12020 | D:9      | 12020 ||| Stepping ~*~*~tactically~*~*~ (hiding).
 12023 | D:9      | 12023 ||| INVOKING Berserk.
 12038 | D:9      | Reached XP level 11. HP: 66/71 MP: 11/11
 12192 | D:9      | 12192 ||| Stepping ~*~*~tactically~*~*~ (stealth).
 12208 | D:9      | 12208 ||| Stepping ~*~*~tactically~*~*~ (stealth).
 12227 | D:9      | 12227 ||| INVOKING Berserk.
 12522 | D:9      | Noticed an obsidian statue
 12523 | D:9      | Noticed a soul eater
 12523 | D:9      | 12523 ||| INVOKING Brothers in Arms.
 12525 | D:9      | 12525 ||| INVOKING Berserk.
 12537 | D:9      | Noticed a sun demon
 12542 | D:9      | HP: 21/106 [sun demon[an obsidian statue] (12)]
 12544 | D:9      | Slain by a sun demon

Levels and vault maps discovered:
D:1:      wander_arrival_fairy_ring, layout_loops_ring,
          chequers_ecumenical_altar_simple_redux
D:2:      minmay_wonky_spiral, layout_loops_corners, basic_altar
D:3:      layout_loops_cross, nicolae_wu_jian_wuxing_cycle, uniq_natasha,
          uniq_crazy_yiuf_cottage
D:4:      layout_loops_ring, corexii_leaking_fountain, nicolae_specific_store,
          uniq_menkaure
D:5:      layout_loops_ring, old_standard_altar, temple_fountains
D:6:      layout_loops_ring, nicolae_ossuary_entry_false_entrances,
          portal_sewer_entry_e
D:7:      layout_basic
D:8:      layout_basic, mainiacjoe_overflow_brackets, minmay_ruined_shrine
D:9:      lemuel_flame_loot_2, layout_basic, orc_0_dummy, minivault_16

Skill      XL: |  1  2  3  4  5  6  7  8  9 10 |
---------------+-------------------------------+-----
Axes           | 3 4 5 6 7 8 10 11 | 11.6
Fighting       | 4 5 6 7 9 |  9.0
Throwing       | 2 3 |  3.0
Armour         | 3 6 |  6.6
Shields        | 4 5 |  5.1
Dodging        | 2 |  2.1

Action                   |  1- 3 |  4- 6 |  7- 9 | 10-12 || total
-------------------------+-------+-------+-------+-------++-------
Melee: Hand axe          |    95 |   192 |   117 |       ||   404
       Punch             |       |       |     1 |       ||     1
       War axe           |       |       |   192 |   224 ||   416
Throw: Javelin           |       |     6 |    62 |    11 ||    79
Invok: Berserk           |     3 |     5 |    12 |     5 ||    25
       Brothers in Arms  |       |       |       |     1 ||     1
  Use: Scroll            |     1 |    10 |     8 |     1 ||    20
       Potion            |     1 |     3 |     4 |     1 ||     9
 Stab: Sleeping          |     1 |       |       |       ||     1
Armor: Animal skin       |    21 |     8 |       |       ||    29
       Ring mail         |       |    62 |    12 |       ||    74
       Scale mail        |       |       |   130 |       ||   130
       Chain mail        |       |       |       |   144 ||   144
Dodge: Dodged            |    45 |    74 |   118 |    76 ||   313
       Repelled          |       |       |     1 |     3 ||     4
Block: Buckler           |       |       |     9 |    42 ||    51

Table legend:
 A = Non-vault XP
 B = Vault XP
 C = Vault XP percentage of total XP
 D = Non-vault monster count
 E = Vault monster count
 F = Vault count percentage of total count
                 A         B        C        D         E       F
            +---------+---------+-------+---------+---------+-------
      Total |    8497 |    1583 |  15.7 |     223 |      21 |   8.6
            +---------+---------+-------+---------+---------+-------
        D:1 |      46 |       0 |   0.0 |      24 |       0 |   0.0
        D:2 |      80 |       5 |   5.9 |      17 |       3 |  15.0
        D:3 |     121 |      35 |  22.4 |      23 |       1 |   4.2
        D:4 |     559 |     169 |  23.2 |      31 |       1 |   3.1
        D:5 |     815 |       0 |   0.0 |      19 |       0 |   0.0
        D:6 |    1075 |      26 |   2.4 |      29 |       8 |  21.6
        D:7 |    1306 |       0 |   0.0 |      25 |       0 |   0.0
        D:8 |    2718 |    1348 |  33.2 |      33 |       8 |  19.5
        D:9 |    1777 |       0 |   0.0 |      22 |       0 |   0.0
            +---------+---------+-------+---------+---------+-------
